 Dungeon Sprint DCSS version 0.28-a0-691-gad6df49e81 (webtiles) character file.

Game seed: 11570812114198920744

25 ytrimaz the Shield-Bearer (level 3, -4/31 HPs)
             Began as a Formicid Fighter on Oct 20, 2021.
             Slain by a water elemental (8 damage)
             ... in the Dungeon (Sprint III: "The Ten Rune Challenge").
             The game lasted 00:00:45 (350 turns).

ytrimaz the Shield-Bearer (Formicid Fighter)         Turns: 350, Time: 00:00:45

Health: -4/31      AC:  7    Str: 21    XL:     3   Next: 17%
Magic:  3/3        EV:  9    Int:  7    God:
Gold:   0          SH:  4    Dex: 10    Spells: 2/2 levels left

rFire   . . .      SeeInvis +   a - +0 war axe
rCold   . . .      Faith    .   c - +0 buckler
rNeg    . . .      Spirit   .   b - +0 scale mail
rPois   .          Reflect  .   (helmet unavailable)
rElec   .          Harm     .   (no cloak)
rCorr   .          Rampage  .   (no gloves)
Will    .....                   (no boots)
Stlth   ..........              (no amulet)
HPRegen 0.10/turn               (no ring)
MPRegen 0.08/turn               (no ring)

@: engulfed (cannot breathe)
A: permanent stasis, dig shafts and tunnels, antennae 3, four strong arms
a: Dig


You were in the Dungeon.
You visited 1 branch

Inventory:

Hand Weapons
 a - a +0 war axe (weapon)
Armour
 b - a +0 scale mail (worn)
 c - a +0 buckler (worn)
Potions
 e - a potion of curing
 g - 2 potions of magic


   Skills:
 + Level 4.5 Fighting
 + Level 3.3 Axes
 + Level 4.5 Armour
 - Level 0.3 Dodging
 - Level 4.8 Shields


You had 2 spell levels left.
You didn't know any spells.
Your spell library was empty.

Dungeon Overview and Level Annotations

Branches:
Dungeon (1/1)

Altars:


Innate Abilities, Weirdness & Mutations

You cannot be hasted, slowed, berserked, paralysed or teleported.
You can dig through walls and to a lower floor.
You have a pair of large antennae on your head. (SInv)
Your four strong arms can wield two-handed weapons with a shield.


Message History

The human hits you.
You slice the human!!
You kill the human!
Your Fighting skill increases to level 4!
Your Axes skill increases to level 3!
Your Armour skill increases to level 4!
Your Shields skill increases to level 4!
You have reached level 2!
You have reached level 3!
Your experience leads to an increase in your attributes!
Increase (S)trength, (I)ntelligence, or (D)exterity?
You feel stronger.
You slice the phantom!!
You destroy the phantom!
You see here a human corpse.
Unknown command.
You feel a little less mighty now.
Key pressed, stopping explore.
Key pressed, stopping explore.
You open the door.
A water elemental comes into view.
The water elemental barely misses you.
You hit the water elemental.
The water elemental is lightly damaged.
The water elemental hits you.
The water elemental engulfs you in water!
You block the water elemental's attack.
You slash the water elemental!
The water elemental is moderately damaged.
Your lungs strain for air!
The water elemental barely misses you.
You slash the water elemental!
The water elemental is heavily damaged.
Your lungs strain for air!
The water elemental hits you.
You closely miss the water elemental.
The water elemental is heavily damaged.
* * * LOW HITPOINT WARNING * * *
Your lungs strain for air!
The water elemental misses you. The water elemental hits you!
You die...

▓▓▓▓▓▓▓▓▓ ▓▓▓
▓<..#(..#### ##.#
▓...#......## #..#
▓..##.......# #..#{
▓##.##.##...# #@.# #+#+#
##.##.###..# +#.E#......
▓#.####.##..# #...'.⌠....
▓.###..##.†####...#...###
▓#..†..##..###....#.⌠.#
###...#...##.....# ..#
##..##....#†.....# ###{
#..###..##.#.....# {{ {
#).# #..#####....#


You could see a water elemental.

Vanquished Creatures
  A human (D)
  A phantom (D)
  An endoplasm (D)
  3 rats (D)
6 creatures vanquished.

Notes
Turn   | Place    | Note
-------+----------+-------------------------------------------
     0 | D        | ytrimaz the Formicid Fighter began the quest for the Orb.
     0 | D        | Reached XP level 1. HP: 18/18 MP: 1/1
   198 | D        | Reached XP level 2. HP: 14/26 MP: 2/2
   198 | D        | Reached XP level 3. HP: 16/31 MP: 3/3
   343 | D        | Noticed a water elemental
   350 | D        | Slain by a water elemental

Illustrated notes

Levels and vault maps discovered:
D:        dungeon_sprint_mu [sprint_mu_entry_cave, sprint_mu_temple_rooms,
          sprint_mu_d1_spiders, sprint_mu_d2_genie, sprint_mu_d3_branching,
          sprint_mu_orc_legion, sprint_mu_elf_gauntlet, sprint_mu_hive_nellie,
          sprint_mu_lair_fedhas, sprint_mu_vaults_butterflies,
          sprint_mu_slime_circle, sprint_mu_swamp_cave, sprint_mu_snake_twists,
          sprint_mu_blade_basic, sprint_mu_crypt_lich, sprint_mu_tomb_spiral,
          sprint_mu_vestibule_basic, sprint_mu_gehenna_hellfire,
          sprint_mu_dis_giant, sprint_mu_tartarus_statrot,
          sprint_mu_cocytus_islands, sprint_mu_zot1]

Skill      XL: |  1 |
---------------+----+-----
Fighting       | 4 |  4.5
Axes           | 3 |  3.3
Armour         | 4 |  4.5
Shields        | 4 |  4.8
Dodging        | |  0.3

Action                   || total
-------------------------++-------
Melee: War axe           ||    25
 Abil: Dig               ||     1
  Use: Potion            ||     2
Armor: Scale mail        ||     5
Dodge: Dodged            ||     7
Block: Buckler           ||     7

Table legend: (Time is in decaauts)
 A = Elapsed time spent in this place.
 B = Non-inter-level travel time spent in this place.
 C = Inter-level travel time spent in this place.
 D = Time resting spent in this place.
 E = Time spent auto-exploring this place.
 F = Levels seen in this place.
 G = Mean time per level.
                   A        B        C        D        E       F      G
               +--------+--------+--------+--------+--------+-----+--------+
         Total |    359 |    359 |      0 |    130 |    160 |   1 |  359.0 |
       Dungeon |    359 |    359 |      0 |    130 |    160 |   1 |  359.0 |
               +--------+--------+--------+--------+--------+-----+--------+

Top non-repeatable levels by time:
       D: 359 daAuts
